Demolitions vs Staline
Created - 8 janvier 2015 at 19:27
Goals
|
| Demolitions |
0 |
1 |
3 |
4 |
| Staline |
2 |
3 |
2 |
7 |
|
Shots
|
| Demolitions |
7 |
12 |
17 |
36 |
| Staline |
15 |
7 |
5 |
27 |
|
1st period
1. Staline , Cam Janssen 21 (Yan Stastny) at 12:17
2. Staline , Theo Peckham 4 (Devin Setoguchi, Andrei Loktionov) at 14:35
Penalties :
T.J. Hensick (Vic) for Goalie Interference (Minor) at 17:45
2nd period
3. Staline , Cam Janssen 22 (T.J. Fast, Mathieu Perreault) at 8:33
4. Demolitions , Petr Vrana 6 (Spencer Machacek) at 11:52
5. Staline , Pierre-Luc Létourneau 6 (Theo Peckham, Stu Bickel) at 12:27
6. Staline , Cam Janssen 23 (Tyler Cuma) at 13:09 (PP)
Penalties :
Torey Krug (StJ) for Interference (Minor) at 5:55, Kyle Cumiskey (Vic) for Hooking (Minor) at 12:35, Jordan LaVallee (Vic) for Roughing (Minor) at 14:14
3rd period
7. Demolitions , Daniel Paille 15 (Brandon Dubinsky) at 1:23 (PP)
8. Staline , Pierre-Luc Létourneau 7 (Yan Stastny, Stu Bickel) at 2:03
9. Staline , Yan Stastny 14 (Cam Janssen, Theo Peckham) at 8:15
10. Demolitions , T.J. Hensick 30 (Anssi Salmela, Bobby Butler) at 12:24 (PP)
11. Demolitions , Daniel Paille 16 (Brandon Dubinsky, Brad Richardson) at 17:15 (PP)
Penalties :
Greg Pateryn (StJ) for Close Hand On Puck (Minor) at 1:21, Mason Raymond (StJ) for Tripping (Minor) at 2:25, Mathieu Perreault (StJ) for Holding (Minor) at 11:50, Nick Spaling (StJ) for Roughing (Minor) at 17:06
Goalie Stats
Brent Krahn (Vic), 17 saves from 22 shots - (0,773), L, 13-8-3, 33:09 minutes
Chad Johnson (Vic), 3 saves from 5 shots - (0,600), 26:51 minutes
Tobias Stephan (StJ), 32 saves from 36 shots - (0,889), W, 26-8-3, 60:00 minutes
Players Stats for Demolitions
Player Name G A P +/- PIM S H SB GA TA FO MP PP MP PK MP
------------------------------------------------------------------------------------
Anssi Salmela 0 1 1 -2 0 1 1 0 0 1 0/0 19:19 1:44 1:13
Anthony Stewart 0 0 0 -4 0 1 1 1 0 0 1/1 16:29 2:18 1:03
Anton Babchuk 0 0 0 -3 0 4 1 2 0 0 0/0 28:52 2:59 3:19
Bobby Butler 0 1 1 -4 0 0 6 1 0 0 0/2 15:56 2:18 0:24
Brad Richardson 0 1 1 -1 0 4 2 0 3 0 0/0 21:48 2:25 1:03
Brandon Dubinsky 0 2 2 -1 0 2 1 0 0 1 20/35 23:28 2:25 2:43
Chris Wideman 0 0 0 0 0 0 1 0 0 0 0/0 12:23 0:00 0:34
Daniel Paille 2 0 2 -1 0 9 2 0 0 0 1/2 23:28 2:25 2:43
Darren Helm 0 0 0 -1 0 3 0 1 0 0 2/3 11:12 0:00 0:00
Jordan LaVallee 0 0 0 -1 2 0 1 0 0 0 0/0 11:39 0:00 0:22
Konstantin Pushkarev 0 0 0 -1 0 0 0 1 0 0 0/0 11:12 0:00 0:00
Kyle Cumiskey 0 0 0 -3 2 3 1 4 0 2 0/0 28:17 2:59 2:45
Nicolas Blanchard 0 0 0 1 0 0 2 0 0 0 3/4 7:59 0:00 0:00
Peter Harrold 0 0 0 -2 0 1 0 2 2 0 0/0 19:19 1:44 1:13
Petr Vrana 1 0 1 1 0 4 0 0 0 0 0/0 8:51 0:00 0:46
Spencer Machacek 0 1 1 1 0 2 0 0 0 0 0/0 7:59 0:00 0:00
T.J. Hensick 1 0 1 -4 2 2 0 2 2 0 10/15 15:25 2:18 0:00
Tim Erixon 0 0 0 0 0 0 0 0 0 0 0/0 11:49 0:00 0:00
Players Stats for Staline
Player Name G A P +/- PIM S H SB GA TA FO MP PP MP PK MP
------------------------------------------------------------------------------------
Andrei Loktionov 0 1 1 1 0 4 2 0 1 0 13/31 21:10 2:23 0:00
Cam Janssen 3 1 4 4 0 3 1 0 0 0 0/0 17:16 2:04 0:46
Devin Setoguchi 0 1 1 1 0 3 2 0 0 0 0/0 21:10 2:23 0:00
Greg Pateryn 0 0 0 1 2 0 1 0 0 1 0/0 12:46 0:00 0:00
J.T. Wyman 0 0 0 0 0 1 0 0 0 0 0/0 7:03 0:05 0:00
James Sheppard 0 0 0 0 0 0 0 0 0 0 0/0 7:21 0:00 0:28
Jared Boll 0 0 0 1 0 3 1 0 1 0 0/1 11:15 0:05 0:00
Mason Raymond 0 0 0 1 2 2 1 1 0 0 1/1 21:25 2:28 0:03
Mathieu Perreault 0 1 1 1 2 1 2 0 0 0 1/4 11:50 0:00 0:41
Nick Spaling 0 0 0 0 2 0 0 0 1 0 0/0 13:09 2:04 0:52
Pierre-Luc Létourneau 2 0 2 3 0 3 1 0 0 0 0/1 17:12 0:00 3:05
Stu Bickel 0 2 2 5 0 0 1 1 0 2 0/0 23:33 1:54 3:14
T.J. Fast 0 1 1 0 0 1 1 3 0 1 0/0 27:15 1:54 3:14
Theo Peckham 1 2 3 4 0 2 1 1 1 1 0/0 17:20 0:00 1:29
Torey Krug 0 0 0 1 2 0 1 0 0 2 0/0 15:29 2:38 0:00
Tyler Cuma 0 1 1 -1 0 2 0 1 0 0 0/0 23:40 2:38 1:29
Yan Stastny 1 2 3 3 0 2 3 1 0 0 8/19 19:20 2:04 3:26
Zac Rinaldo 0 0 0 0 0 0 1 0 0 0 2/5 6:58 0:00 0:05
3 Stars
1 - Cam Janssen (StJ)
2 - Yan Stastny (StJ)
3 - Theo Peckham (StJ)
Power Play
Demolitions - 3 on 5 Attempt(s) - 60,00%
Staline - 1 on 3 Attempt(s) - 33,33%
Penalty Kill
Demolitions - 2 on 3 Attempt(s) - 66,67%
- Score 0 goal in Penalty Kill
Staline - 2 on 5 Attempt(s) - 40,00%
- Score 0 goal in Penalty Kill
Official
Referees : Rooney Chris and Sutherland Kelly
Linesman : Lonnie Cameron and Mark Shewchyk
Game Notes
Cam Janssen has scored a Hat Trick!
Chad Johnson enters game at 13:09 of 2nd period
Finance
Level 1 -- Attendance: 1479 (73,95%) -- Ticket Income 51 765 $
Level 2 -- Attendance: 709 (70,90%) -- Ticket Income 10 635 $
Total Attendance: 2188 (72,93%)
Total Ticket Income: 62 400 $
Other Income: 3 120 $
Total Income: 65 520 $
Demolitions
5 vs 5 Forward
Center Left Wing Right Wing Time % Phy DF OF
1 Brandon Dubinsky Daniel Paille Brad Richardson 45 0 2 3
2 T.J. Hensick Bobby Butler Anthony Stewart 34 0 2 3
3 Darren Helm Jordan LaVallee Konstantin Pushkarev 19 0 3 2
4 Nicolas Blanchard Petr Vrana Spencer Machacek 2 0 3 2
5 vs 5 Defense
Defense Defense Time % Phy DF OF
1 Kyle Cumiskey Anton Babchuk 40 1 2 2
2 Peter Harrold Anssi Salmela 30 1 2 2
3 Tim Erixon Chris Wideman 20 1 2 2
4 Kyle Cumiskey Anton Babchuk 10 1 2 2
PowerPlay Forward
Center Left Wing Right Wing Time % Phy DF OF
1 Brandon Dubinsky Daniel Paille Brad Richardson 60 1 2 2
2 T.J. Hensick Bobby Butler Anthony Stewart 40 1 2 2
PowerPlay Defense
Defense Defense Time % Phy DF OF
1 Kyle Cumiskey Anton Babchuk 60 1 2 2
2 Peter Harrold Anssi Salmela 40 1 2 2
Penalty Kill 4 Players Forward
Center Wing Time % Phy DF OF
1 Brandon Dubinsky Daniel Paille 60 1 2 2
2 Brad Richardson Anthony Stewart 40 1 2 2
Penalty Kill 4 Players Defense
Defense Defense Time % Phy DF OF
1 Kyle Cumiskey Anton Babchuk 60 1 2 2
2 Peter Harrold Anssi Salmela 40 1 2 2
Penalty Kill - 3 Players Forward
Forward Time % Phy DF OF
1 Brandon Dubinsky 60 1 2 2
2 Daniel Paille 40 1 2 2
Penalty Kill - 3 Players Defense
Defense Defense Time % Phy DF OF
1 Kyle Cumiskey Anton Babchuk 60 1 2 2
2 Peter Harrold Anssi Salmela 40 1 2 2
4 vs 4 Forward
Center Wing Time % Phy DF OF
1 Brandon Dubinsky Daniel Paille 60 1 2 2
2 Brad Richardson Anthony Stewart 40 1 2 2
4 vs 4 Defense
Defense Defense Time % Phy DF OF
1 Kyle Cumiskey Anton Babchuk 60 1 2 2
2 Peter Harrold Anssi Salmela 40 1 2 2
Last Minutes Offensive
Center Left Wing Right Wing Defense Defense
Brandon Dubinsky Daniel Paille Brad Richardson Kyle Cumiskey Anton Babchuk
Last Minutes Defensive
Center Left Wing Right Wing Defense Defense
Brandon Dubinsky Daniel Paille Brad Richardson Kyle Cumiskey Anton Babchuk
Goaltenders
Starting : Brent Krahn
Backup : Chad Johnson
Extra Forwards
Normal : Darren Helm, Jordan LaVallee, Petr Vrana - PP : Darren Helm, Jordan LaVallee - PK : Petr Vrana
Extra Defensemen
Normal : Tim Erixon, Chris Wideman, Peter Harrold - PP : Tim Erixon - PK : Chris Wideman, Peter Harrold
Penalty Shots
Brandon Dubinsky, Daniel Paille, Brad Richardson, Anthony Stewart, T.J. Hensick
Staline
5 vs 5 Forward
Center Left Wing Right Wing Time % Phy DF OF
1 Andrei Loktionov Mason Raymond Devin Setoguchi 40 1 2 2
2 Yan Stastny Pierre-Luc Létourneau Cam Janssen 30 1 2 2
3 Mathieu Perreault Nick Spaling Jared Boll 20 1 2 2
4 Zac Rinaldo James Sheppard J.T. Wyman 10 1 2 2
5 vs 5 Defense
Defense Defense Time % Phy DF OF
1 T.J. Fast Tyler Cuma 40 1 2 2
2 Theo Peckham Stu Bickel 30 1 2 2
3 Torey Krug Greg Pateryn 20 1 2 2
4 T.J. Fast Stu Bickel 10 1 2 2
PowerPlay Forward
Center Left Wing Right Wing Time % Phy DF OF
1 Andrei Loktionov Mason Raymond Devin Setoguchi 60 1 2 2
2 Yan Stastny Nick Spaling Cam Janssen 40 1 2 2
PowerPlay Defense
Defense Defense Time % Phy DF OF
1 Tyler Cuma Torey Krug 60 1 2 2
2 T.J. Fast Stu Bickel 40 1 2 2
Penalty Kill 4 Players Forward
Center Wing Time % Phy DF OF
1 Yan Stastny Pierre-Luc Létourneau 60 1 2 2
2 Mathieu Perreault Cam Janssen 40 1 2 2
Penalty Kill 4 Players Defense
Defense Defense Time % Phy DF OF
1 T.J. Fast Stu Bickel 60 1 2 2
2 Theo Peckham Tyler Cuma 40 1 2 2
Penalty Kill - 3 Players Forward
Forward Time % Phy DF OF
1 Yan Stastny 60 1 2 2
2 Mathieu Perreault 40 1 2 2
Penalty Kill - 3 Players Defense
Defense Defense Time % Phy DF OF
1 T.J. Fast Stu Bickel 60 1 2 2
2 Theo Peckham Tyler Cuma 40 1 2 2
4 vs 4 Forward
Center Wing Time % Phy DF OF
1 Andrei Loktionov Devin Setoguchi 60 1 2 2
2 Yan Stastny Cam Janssen 40 1 2 2
4 vs 4 Defense
Defense Defense Time % Phy DF OF
1 T.J. Fast Tyler Cuma 60 1 2 2
2 Theo Peckham Torey Krug 40 1 2 2
Last Minutes Offensive
Center Left Wing Right Wing Defense Defense
Andrei Loktionov Mason Raymond Devin Setoguchi T.J. Fast Tyler Cuma
Last Minutes Defensive
Center Left Wing Right Wing Defense Defense
Yan Stastny Pierre-Luc Létourneau Devin Setoguchi T.J. Fast Stu Bickel
Goaltenders
Starting : Tobias Stephan
Backup : Joni Ortio
Extra Forwards
Normal : Jared Boll, J.T. Wyman, Nick Spaling - PP : Jared Boll, J.T. Wyman - PK : Nick Spaling
Extra Defensemen
Normal : Torey Krug, Greg Pateryn, Theo Peckham - PP : Torey Krug - PK : Greg Pateryn, Theo Peckham
Penalty Shots
Pierre-Luc Létourneau, Devin Setoguchi, Yan Stastny, Cam Janssen, Mason Raymond
% Time on Ice - Demolitions
Lines # - Real PCT - Wanted PCT - Time Play
Normal Forward
1 - 36% - 45% - 18:26
2 - 26% - 34% - 13:08
3 - 22% - 19% - 11:12
4 - 16% - 2% - 7:59
Normal Defense
1 - 39% - 40% - 19:50
2 - 32% - 30% - 16:22
3 - 23% - 20% - 11:49
4 - 5% - 10% - 2:44
PP Forward
1 - 51% - 60% - 2:25
2 - 49% - 40% - 2:18
PP Defense
1 - 63% - 60% - 2:59
2 - 37% - 40% - 1:44
PK Forward
1 - 77% - 60% - 3:29
2 - 23% - 40% - 1:03
PK Defense
1 - 73% - 60% - 3:19
2 - 27% - 40% - 1:13
PK3 Forward
1 - 0% - 60%
2 - 0% - 40%
PK3 Defense
1 - 0% - 60%
2 - 0% - 40%
44 Forward
1 - 0% - 60%
2 - 0% - 40%
44 Defense
1 - 0% - 60%
2 - 0% - 40%
Last Minute Offensive - 0:00
Last Minute Defensive - 0:00
Total
Forward - 60:00
Defense - 60:00
|
% Time on Ice - Staline
Lines # - Real PCT - Wanted PCT - Time Play
Normal Forward
1 - 37% - 40% - 18:55
2 - 28% - 30% - 14:26
3 - 21% - 20% - 10:31
4 - 14% - 10% - 6:53
Normal Defense
1 - 39% - 40% - 19:35
2 - 32% - 30% - 16:20
3 - 25% - 20% - 12:47
4 - 4% - 10% - 2:03
PP Forward
1 - 54% - 60% - 2:28
2 - 46% - 40% - 2:04
PP Defense
1 - 58% - 60% - 2:38
2 - 42% - 40% - 1:54
PK Forward
1 - 84% - 60% - 3:57
2 - 16% - 40% - 0:46
PK Defense
1 - 69% - 60% - 3:14
2 - 31% - 40% - 1:29
PK3 Forward
1 - 0% - 60%
2 - 0% - 40%
PK3 Defense
1 - 0% - 60%
2 - 0% - 40%
44 Forward
1 - 0% - 60%
2 - 0% - 40%
44 Defense
1 - 0% - 60%
2 - 0% - 40%
Last Minute Offensive - 0:00
Last Minute Defensive - 0:00
Total
Forward - 60:00
Defense - 60:00
|
Play by Play
1st period
0:01 of 1st period - Andrei Loktionov wins face-off versus Brandon Dubinsky in neutral zone.
1:21 of 1st period - Off-side.
1:22 of 1st period - T.J. Hensick wins face-off versus Yan Stastny in neutral zone.
1:47 of 1st period - Jordan LaVallee is hit by Mathieu Perreault and loses puck.
1:56 of 1st period - Snap shot by Jared Boll.
1:56 of 1st period - Stopped by Brent Krahn with a rebound.
2:12 of 1st period - Chris Wideman is hit by Zac Rinaldo and loses puck.
2:29 of 1st period - Tim Erixon is hit by Yan Stastny and loses puck.
2:36 of 1st period - Yan Stastny is hit by Bobby Butler and loses puck.
2:54 of 1st period - Greg Pateryn is hit by Jordan LaVallee and loses puck.
3:09 of 1st period - Icing by Petr Vrana.
3:10 of 1st period - Nicolas Blanchard wins face-off versus Zac Rinaldo in Demolitions zone.
3:31 of 1st period - Bobby Butler is hit by Yan Stastny and loses puck.
3:36 of 1st period - Wrist shot by Yan Stastny.
3:36 of 1st period - Stopped by Brent Krahn with a rebound.
3:48 of 1st period - Brad Richardson is hit by Devin Setoguchi and loses puck.
4:16 of 1st period - Snap shot by Konstantin Pushkarev.
4:16 of 1st period - Deflect By Jordan LaVallee.
4:16 of 1st period - Shot Misses the Net.
4:16 of 1st period - Puck is out of play.
4:17 of 1st period - T.J. Hensick wins face-off versus Yan Stastny in Staline zone.
4:22 of 1st period - Snap shot by T.J. Hensick.
4:22 of 1st period - Shot Misses the Net.
4:28 of 1st period - T.J. Hensick is hit by Yan Stastny and loses puck.
5:04 of 1st period - Snap shot by J.T. Wyman.
5:04 of 1st period - Stopped by Brent Krahn without a rebound.
5:05 of 1st period - T.J. Hensick wins face-off versus Zac Rinaldo in Demolitions zone.
5:57 of 1st period - Backhand shot by Darren Helm.
5:57 of 1st period - Stopped by Tobias Stephan without a rebound.
5:58 of 1st period - Andrei Loktionov wins face-off versus Brandon Dubinsky in Staline zone.
7:16 of 1st period - Slapshot by Theo Peckham.
7:16 of 1st period - Stopped by Brent Krahn without a rebound.
7:17 of 1st period - Andrei Loktionov wins face-off versus Brandon Dubinsky in Demolitions zone.
7:18 of 1st period - Wrist shot by Devin Setoguchi.
7:18 of 1st period - Shot Misses the Net.
7:20 of 1st period - Slapshot by Mason Raymond.
7:20 of 1st period - Shot Misses the Net.
7:22 of 1st period - Snap shot by Tyler Cuma.
7:22 of 1st period - Deflect By Daniel Paille.
7:22 of 1st period - Stopped by Brent Krahn with a rebound.
7:24 of 1st period - Wrist shot by Andrei Loktionov.
7:24 of 1st period - Stopped by Brent Krahn with a rebound.
7:26 of 1st period - Snap shot by Devin Setoguchi.
7:26 of 1st period - Shot Blocked by Kyle Cumiskey.
7:30 of 1st period - Wrist shot by Andrei Loktionov.
7:30 of 1st period - Shot Misses the Net.
10:15 of 1st period - Slapshot by Andrei Loktionov.
10:15 of 1st period - Shot Blocked by Kyle Cumiskey.
10:33 of 1st period - Slapshot by T.J. Hensick.
10:33 of 1st period - Shot Blocked by Theo Peckham.
10:35 of 1st period - Slapshot by Kyle Cumiskey.
10:35 of 1st period - Shot Misses the Net.
10:37 of 1st period - Snap shot by Anthony Stewart.
10:37 of 1st period - Stopped by Tobias Stephan with a rebound.
10:47 of 1st period - Snap shot by Daniel Paille.
10:47 of 1st period - Stopped by Tobias Stephan without a rebound.
10:48 of 1st period - Brandon Dubinsky wins face-off versus Andrei Loktionov in Staline zone.
10:57 of 1st period - Snap shot by Andrei Loktionov.
10:57 of 1st period - Stopped by Brent Krahn with a rebound.
11:21 of 1st period - T.J. Hensick is hit by Jared Boll.
11:32 of 1st period - Icing by Pierre-Luc Létourneau.
11:33 of 1st period - Darren Helm wins face-off versus Yan Stastny in Staline zone.
11:58 of 1st period - Snap shot by Brandon Dubinsky.
11:58 of 1st period - Stopped by Tobias Stephan without a rebound.
11:59 of 1st period - Andrei Loktionov wins face-off versus Daniel Paille in Staline zone.
12:11 of 1st period - Wrist shot by Devin Setoguchi.
12:11 of 1st period - Shot Misses the Net.
12:13 of 1st period - Slapshot by Theo Peckham.
12:13 of 1st period - Shot Misses the Net.
12:15 of 1st period - Wrist shot by Devin Setoguchi.
12:15 of 1st period - Stopped by Brent Krahn without a rebound.
12:16 of 1st period - Yan Stastny wins face-off versus T.J. Hensick in Demolitions zone.
12:17 of 1st period - Slapshot by Cam Janssen.
12:17 of 1st period - Goal by Cam Janssen - Demolitions : 0 - Staline : 1.
12:18 of 1st period - Brandon Dubinsky wins face-off versus Andrei Loktionov in neutral zone.
12:29 of 1st period - Snap shot by Brandon Dubinsky.
12:29 of 1st period - Shot Misses the Net.
12:31 of 1st period - Slapshot by Daniel Paille.
12:31 of 1st period - Deflect By Brad Richardson.
12:31 of 1st period - Shot Misses the Net.
12:31 of 1st period - Puck is out of play.
12:32 of 1st period - Andrei Loktionov wins face-off versus Brandon Dubinsky in Staline zone.
12:37 of 1st period - Wrist shot by Brad Richardson.
12:37 of 1st period - Shot Misses the Net.
12:57 of 1st period - Stu Bickel is hit by Bobby Butler and loses puck.
13:43 of 1st period - Backhand shot by Petr Vrana.
13:43 of 1st period - Stopped by Tobias Stephan without a rebound.
13:44 of 1st period - Brandon Dubinsky wins face-off versus Andrei Loktionov in Staline zone.
13:45 of 1st period - Slapshot by Brad Richardson.
13:45 of 1st period - Shot Misses the Net.
13:57 of 1st period - Snap shot by Brad Richardson.
13:57 of 1st period - Stopped by Tobias Stephan with a rebound.
13:59 of 1st period - Snap shot by Kyle Cumiskey.
13:59 of 1st period - Stopped by Tobias Stephan without a rebound.
14:00 of 1st period - Yan Stastny wins face-off versus T.J. Hensick in Staline zone.
14:07 of 1st period - Anthony Stewart is hit by Cam Janssen and loses puck.
14:26 of 1st period - Anton Babchuk is hit by Andrei Loktionov and loses puck.
14:33 of 1st period - Slapshot by Devin Setoguchi.
14:33 of 1st period - Stopped by Brent Krahn with a rebound.
14:35 of 1st period - Slapshot by Theo Peckham.
14:35 of 1st period - Goal by Theo Peckham - Demolitions : 0 - Staline : 2.
14:36 of 1st period - Andrei Loktionov wins face-off versus Brandon Dubinsky in neutral zone.
15:07 of 1st period - Wrist shot by Anthony Stewart.
15:07 of 1st period - Deflect By Nick Spaling.
15:07 of 1st period - Shot Misses the Net.
15:07 of 1st period - Puck is out of play.
15:08 of 1st period - T.J. Hensick wins face-off versus Mathieu Perreault in Staline zone.
15:23 of 1st period - Snap shot by Jared Boll.
15:23 of 1st period - Stopped by Brent Krahn with a rebound.
15:25 of 1st period - Slapshot by T.J. Fast.
15:25 of 1st period - Shot Blocked by T.J. Hensick.
15:31 of 1st period - Wrist shot by Mathieu Perreault.
15:31 of 1st period - Shot Blocked by T.J. Hensick.
15:33 of 1st period - Snap shot by Nick Spaling.
15:33 of 1st period - Shot Misses the Net.
15:45 of 1st period - Snap shot by Mathieu Perreault.
15:45 of 1st period - Stopped by Brent Krahn without a rebound.
15:46 of 1st period - Brandon Dubinsky wins face-off versus Andrei Loktionov in Demolitions zone.
16:24 of 1st period - Wrist shot by Cam Janssen.
16:24 of 1st period - Shot Misses the Net.
17:08 of 1st period - Wrist shot by Pierre-Luc Létourneau.
17:08 of 1st period - Stopped by Brent Krahn without a rebound.
17:09 of 1st period - Brandon Dubinsky wins face-off versus Andrei Loktionov in Demolitions zone.
17:40 of 1st period - Slapshot by Jared Boll.
17:40 of 1st period - Shot Misses the Net.
17:42 of 1st period - Snap shot by Jared Boll.
17:42 of 1st period - Stopped by Brent Krahn without a rebound.
17:43 of 1st period - T.J. Hensick wins face-off versus Mathieu Perreault in Demolitions zone.
17:45 of 1st period - Minor Penalty to T.J. Hensick for Goalie Interference.
17:46 of 1st period - Brandon Dubinsky wins face-off versus Andrei Loktionov in Demolitions zone.
18:17 of 1st period - Off-side.
18:18 of 1st period - Andrei Loktionov wins face-off versus Brandon Dubinsky in neutral zone.
18:45 of 1st period - Anthony Stewart is hit by Stu Bickel and loses puck.
19:45 of 1st period - Penalty to T.J. Hensick is over, T.J. Hensick is back on ice.
Goals for this period are 0 for Demolitions vs 2 for Staline.
Shots for this period are 7 for Demolitions vs 15 for Staline.
2nd period
0:01 of 2nd period - Daniel Paille wins face-off versus Andrei Loktionov in neutral zone.
0:09 of 2nd period - Icing by Andrei Loktionov.
0:10 of 2nd period - Brandon Dubinsky wins face-off versus Andrei Loktionov in Staline zone.
0:17 of 2nd period - Slapshot by Brad Richardson.
0:17 of 2nd period - Shot Blocked by Tyler Cuma.
0:44 of 2nd period - Wrist shot by Brandon Dubinsky.
0:44 of 2nd period - Stopped by Tobias Stephan with a rebound.
0:49 of 2nd period - Off-side.
0:50 of 2nd period - Anthony Stewart wins face-off versus Yan Stastny in neutral zone.
1:12 of 2nd period - Icing by Anssi Salmela.
1:13 of 2nd period - Darren Helm wins face-off versus Jared Boll in Demolitions zone.
1:22 of 2nd period - Slapshot by T.J. Fast.
1:22 of 2nd period - Shot Misses the Net.
1:26 of 2nd period - Slapshot by T.J. Fast.
1:26 of 2nd period - Shot Blocked by Peter Harrold.
1:28 of 2nd period - Wrist shot by Jared Boll.
1:28 of 2nd period - Shot Misses the Net.
1:58 of 2nd period - Snap shot by Yan Stastny.
1:58 of 2nd period - Shot Misses the Net.
2:00 of 2nd period - Snap shot by Pierre-Luc Létourneau.
2:00 of 2nd period - Shot Misses the Net.
2:02 of 2nd period - Wrist shot by Yan Stastny.
2:02 of 2nd period - Shot Misses the Net.
2:04 of 2nd period - Snap shot by Pierre-Luc Létourneau.
2:04 of 2nd period - Shot Blocked by Anthony Stewart.
2:06 of 2nd period - Snap shot by Yan Stastny.
2:06 of 2nd period - Shot Blocked by Kyle Cumiskey.
2:08 of 2nd period - Snap shot by Yan Stastny.
2:08 of 2nd period - Shot Misses the Net.
2:10 of 2nd period - Snap shot by Torey Krug.
2:10 of 2nd period - Shot Blocked by Anton Babchuk.
2:22 of 2nd period - Torey Krug is hit by Nicolas Blanchard and loses puck.
2:51 of 2nd period - Snap shot by Nick Spaling.
2:51 of 2nd period - Shot Misses the Net.
3:40 of 2nd period - Snap shot by Petr Vrana.
3:40 of 2nd period - Stopped by Tobias Stephan without a rebound.
3:41 of 2nd period - Nicolas Blanchard wins face-off versus Zac Rinaldo in Staline zone.
3:44 of 2nd period - Slapshot by Kyle Cumiskey.
3:44 of 2nd period - Stopped by Tobias Stephan without a rebound.
3:45 of 2nd period - Zac Rinaldo wins face-off versus Nicolas Blanchard in Staline zone.
4:57 of 2nd period - Wrist shot by Daniel Paille.
4:57 of 2nd period - Shot Misses the Net.
4:59 of 2nd period - Slapshot by Brad Richardson.
4:59 of 2nd period - Stopped by Tobias Stephan without a rebound.
5:00 of 2nd period - Andrei Loktionov wins face-off versus Brandon Dubinsky in Staline zone.
5:00 of 2nd period - Andrei Loktionov is hit by Brad Richardson.
5:18 of 2nd period - Brandon Dubinsky is hit by Greg Pateryn and loses puck.
5:38 of 2nd period - Snap shot by Andrei Loktionov.
5:38 of 2nd period - Stopped by Brent Krahn with a rebound.
5:40 of 2nd period - Wrist shot by Mason Raymond.
5:40 of 2nd period - Stopped by Brent Krahn with a rebound.
5:42 of 2nd period - Snap shot by Andrei Loktionov.
5:42 of 2nd period - Deflect By Daniel Paille.
5:42 of 2nd period - Stopped by Brent Krahn with a rebound.
5:55 of 2nd period - Minor Penalty to Torey Krug for Interference.
5:56 of 2nd period - T.J. Hensick wins face-off versus Yan Stastny in Staline zone.
6:10 of 2nd period - Slapshot by Anthony Stewart.
6:10 of 2nd period - Deflect By T.J. Hensick.
6:10 of 2nd period - Stopped by Tobias Stephan without a rebound.
6:11 of 2nd period - T.J. Hensick wins face-off versus Yan Stastny in Staline zone.
6:26 of 2nd period - Slapshot by Anton Babchuk.
6:26 of 2nd period - Stopped by Tobias Stephan without a rebound.
6:27 of 2nd period - Brandon Dubinsky wins face-off versus Pierre-Luc Létourneau in Staline zone.
6:42 of 2nd period - Snap shot by Daniel Paille.
6:42 of 2nd period - Deflect By Brad Richardson.
6:42 of 2nd period - Shot Blocked by T.J. Fast.
6:42 of 2nd period - Puck is out of play.
6:43 of 2nd period - Brandon Dubinsky wins face-off versus Yan Stastny in Staline zone.
6:48 of 2nd period - Wrist shot by Brad Richardson.
6:48 of 2nd period - Shot Misses the Net.
7:06 of 2nd period - Yan Stastny is hit by Bobby Butler.
7:18 of 2nd period - Mathieu Perreault is hit by Brandon Dubinsky and loses puck.
7:39 of 2nd period - Nick Spaling is hit by Bobby Butler and loses puck.
7:50 of 2nd period - Yan Stastny is hit by Anton Babchuk.
7:55 of 2nd period - Penalty to Torey Krug is over, Torey Krug is back on ice.
8:31 of 2nd period - Snap shot by Cam Janssen.
8:31 of 2nd period - Shot Misses the Net.
8:33 of 2nd period - Wrist shot by Cam Janssen.
8:33 of 2nd period - Goal by Cam Janssen - Demolitions : 0 - Staline : 3.
8:34 of 2nd period - Brandon Dubinsky wins face-off versus Andrei Loktionov in neutral zone.
8:37 of 2nd period - Snap shot by Daniel Paille.
8:37 of 2nd period - Shot Misses the Net.
8:39 of 2nd period - Slapshot by Peter Harrold.
8:39 of 2nd period - Shot Blocked by T.J. Fast.
9:47 of 2nd period - Peter Harrold is hit by Torey Krug and loses puck.
9:54 of 2nd period - Snap shot by Anssi Salmela.
9:54 of 2nd period - Shot Blocked by Mason Raymond.
9:56 of 2nd period - Snap shot by Daniel Paille.
9:56 of 2nd period - Shot Misses the Net.
9:58 of 2nd period - Slapshot by Brad Richardson.
9:58 of 2nd period - Stopped by Tobias Stephan with a rebound.
10:00 of 2nd period - Snap shot by Daniel Paille.
10:00 of 2nd period - Stopped by Tobias Stephan with a rebound.
10:02 of 2nd period - Snap shot by Brad Richardson.
10:02 of 2nd period - Shot Misses the Net.
10:04 of 2nd period - Slapshot by Anssi Salmela.
10:04 of 2nd period - Shot Misses the Net.
10:06 of 2nd period - Slapshot by Daniel Paille.
10:06 of 2nd period - Stopped by Tobias Stephan without a rebound.
10:07 of 2nd period - Yan Stastny wins face-off versus T.J. Hensick in Staline zone.
10:42 of 2nd period - Slapshot by Petr Vrana.
10:42 of 2nd period - Shot Misses the Net.
10:54 of 2nd period - Jordan LaVallee is hit by Mason Raymond and loses puck.
11:03 of 2nd period - Snap shot by Darren Helm.
11:03 of 2nd period - Stopped by Tobias Stephan with a rebound.
11:15 of 2nd period - Greg Pateryn is hit by Bobby Butler and loses puck.
11:23 of 2nd period - Off-side.
11:24 of 2nd period - Yan Stastny wins face-off versus T.J. Hensick in neutral zone.
11:29 of 2nd period - Slapshot by Tyler Cuma.
11:29 of 2nd period - Shot Blocked by Anton Babchuk.
11:47 of 2nd period - Cam Janssen is hit by Nicolas Blanchard and loses puck.
11:52 of 2nd period - Slapshot by Petr Vrana.
11:52 of 2nd period - Goal by Petr Vrana - Demolitions : 1 - Staline : 3.
11:53 of 2nd period - Andrei Loktionov wins face-off versus Brandon Dubinsky in neutral zone.
11:56 of 2nd period - Brad Richardson is hit by Devin Setoguchi and loses puck.
12:03 of 2nd period - Slapshot by Anton Babchuk.
12:03 of 2nd period - Stopped by Tobias Stephan without a rebound.
12:04 of 2nd period - Brandon Dubinsky wins face-off versus Andrei Loktionov in Staline zone.
12:19 of 2nd period - Slapshot by Tyler Cuma.
12:19 of 2nd period - Stopped by Brent Krahn without a rebound.
12:20 of 2nd period - Yan Stastny wins face-off versus T.J. Hensick in Demolitions zone.
12:23 of 2nd period - Slapshot by Pierre-Luc Létourneau.
12:23 of 2nd period - Shot Blocked by Kyle Cumiskey.
12:25 of 2nd period - Slapshot by Stu Bickel.
12:25 of 2nd period - Shot Blocked by Bobby Butler.
12:27 of 2nd period - Slapshot by Theo Peckham.
12:27 of 2nd period - Deflect By Pierre-Luc Létourneau.
12:27 of 2nd period - Goal by Pierre-Luc Létourneau - Demolitions : 1 - Staline : 4.
12:28 of 2nd period - Andrei Loktionov wins face-off versus Brandon Dubinsky in neutral zone.
12:28 of 2nd period - Andrei Loktionov is hit by Kyle Cumiskey.
12:35 of 2nd period - Minor Penalty to Kyle Cumiskey for Hooking.
12:36 of 2nd period - Brandon Dubinsky wins face-off versus Andrei Loktionov in Demolitions zone.
13:09 of 2nd period - Snap shot by Cam Janssen.
13:09 of 2nd period - Goal by Cam Janssen - Demolitions : 1 - Staline : 5.
13:09 of 2nd period - Chad Johnson enters game.
13:10 of 2nd period - T.J. Hensick wins face-off versus Andrei Loktionov in neutral zone.
13:35 of 2nd period - Yan Stastny is hit by Daniel Paille and loses puck.
14:14 of 2nd period - Minor Penalty to Jordan LaVallee for Roughing.
14:15 of 2nd period - Brandon Dubinsky wins face-off versus Andrei Loktionov in Demolitions zone.
16:14 of 2nd period - Penalty to Jordan LaVallee is over, Jordan LaVallee is back on ice.
17:15 of 2nd period - James Sheppard is hit by Anssi Salmela and loses puck.
17:36 of 2nd period - Devin Setoguchi is hit by Chris Wideman and loses puck.
17:43 of 2nd period - Tim Erixon is hit by Andrei Loktionov and loses puck.
18:34 of 2nd period - Icing by Peter Harrold.
18:35 of 2nd period - Zac Rinaldo wins face-off versus Darren Helm in Demolitions zone.
19:07 of 2nd period - Snap shot by Daniel Paille.
19:07 of 2nd period - Shot Blocked by Yan Stastny.
19:09 of 2nd period - Slapshot by Peter Harrold.
19:09 of 2nd period - Deflect By Brad Richardson.
19:09 of 2nd period - Shot Misses the Net.
19:09 of 2nd period - Puck is out of play.
19:10 of 2nd period - Andrei Loktionov wins face-off versus Bobby Butler in Staline zone.
19:56 of 2nd period - Tim Erixon is hit by T.J. Fast and loses puck.
Goals for this period are 1 for Demolitions vs 3 for Staline.
Shots for this period are 12 for Demolitions vs 7 for Staline.
3rd period
0:01 of 3rd period - Andrei Loktionov wins face-off versus Brandon Dubinsky in neutral zone.
0:54 of 3rd period - Wrist shot by Jordan LaVallee.
0:54 of 3rd period - Shot Misses the Net.
1:19 of 3rd period - Snap shot by Darren Helm.
1:19 of 3rd period - Stopped by Tobias Stephan with a rebound.
1:21 of 3rd period - Minor Penalty to Greg Pateryn for Close Hand On Puck.
1:22 of 3rd period - Brandon Dubinsky wins face-off versus Yan Stastny in Staline zone.
1:23 of 3rd period - Snap shot by Daniel Paille.
1:23 of 3rd period - Goal by Daniel Paille - Demolitions : 2 - Staline : 5.
1:24 of 3rd period - Andrei Loktionov wins face-off versus Brandon Dubinsky in neutral zone.
1:53 of 3rd period - Off-side.
1:54 of 3rd period - T.J. Hensick wins face-off versus Yan Stastny in neutral zone.
2:03 of 3rd period - Wrist shot by Yan Stastny.
2:03 of 3rd period - Deflect By Pierre-Luc Létourneau.
2:03 of 3rd period - Goal by Pierre-Luc Létourneau - Demolitions : 2 - Staline : 6.
2:04 of 3rd period - Brandon Dubinsky wins face-off versus Andrei Loktionov in neutral zone.
2:07 of 3rd period - Snap shot by Daniel Paille.
2:07 of 3rd period - Stopped by Tobias Stephan with a rebound.
2:09 of 3rd period - Slapshot by Anton Babchuk.
2:09 of 3rd period - Stopped by Tobias Stephan with a rebound.
2:11 of 3rd period - Snap shot by Brandon Dubinsky.
2:11 of 3rd period - Shot Misses the Net.
2:13 of 3rd period - Slapshot by Anton Babchuk.
2:13 of 3rd period - Stopped by Tobias Stephan with a rebound.
2:15 of 3rd period - Wrist shot by Daniel Paille.
2:15 of 3rd period - Shot Misses the Net.
2:17 of 3rd period - Snap shot by Daniel Paille.
2:17 of 3rd period - Stopped by Tobias Stephan with a rebound.
2:19 of 3rd period - Snap shot by Brandon Dubinsky.
2:19 of 3rd period - Shot Misses the Net.
2:25 of 3rd period - Minor Penalty to Mason Raymond for Tripping.
2:26 of 3rd period - Yan Stastny wins face-off versus Brandon Dubinsky in Staline zone.
2:31 of 3rd period - Snap shot by T.J. Fast.
2:31 of 3rd period - Stopped by Chad Johnson with a rebound.
4:25 of 3rd period - Penalty to Mason Raymond is over, Mason Raymond is back on ice.
5:19 of 3rd period - Wrist shot by Spencer Machacek.
5:19 of 3rd period - Shot Misses the Net.
5:21 of 3rd period - Wrist shot by Petr Vrana.
5:21 of 3rd period - Shot Misses the Net.
5:23 of 3rd period - Snap shot by Spencer Machacek.
5:23 of 3rd period - Stopped by Tobias Stephan with a rebound.
5:55 of 3rd period - James Sheppard is hit by Bobby Butler and loses puck.
6:41 of 3rd period - Snap shot by Nick Spaling.
6:41 of 3rd period - Shot Misses the Net.
7:19 of 3rd period - Off-side.
7:20 of 3rd period - Nicolas Blanchard wins face-off versus Mathieu Perreault in neutral zone.
7:25 of 3rd period - Slapshot by Anton Babchuk.
7:25 of 3rd period - Deflect By Petr Vrana.
7:25 of 3rd period - Stopped by Tobias Stephan with a rebound.
7:31 of 3rd period - Snap shot by Jared Boll.
7:31 of 3rd period - Shot Misses the Net.
7:33 of 3rd period - Slapshot by Torey Krug.
7:33 of 3rd period - Shot Misses the Net.
7:35 of 3rd period - Snap shot by Jared Boll.
7:35 of 3rd period - Shot Misses the Net.
7:50 of 3rd period - Snap shot by Andrei Loktionov.
7:50 of 3rd period - Shot Misses the Net.
8:15 of 3rd period - Wrist shot by Cam Janssen.
8:15 of 3rd period - Deflect By Yan Stastny.
8:15 of 3rd period - Goal by Yan Stastny - Demolitions : 2 - Staline : 7.
8:16 of 3rd period - Brandon Dubinsky wins face-off versus Andrei Loktionov in neutral zone.
9:31 of 3rd period - Slapshot by Peter Harrold.
9:31 of 3rd period - Stopped by Tobias Stephan with a rebound.
9:45 of 3rd period - T.J. Fast is hit by Brad Richardson.
11:47 of 3rd period - Backhand shot by Daniel Paille.
11:47 of 3rd period - Stopped by Tobias Stephan with a rebound.
11:49 of 3rd period - Slapshot by Daniel Paille.
11:49 of 3rd period - Stopped by Tobias Stephan without a rebound.
11:50 of 3rd period - Mathieu Perreault wins face-off versus Brandon Dubinsky in Staline zone.
11:50 of 3rd period - Minor Penalty to Mathieu Perreault for Holding.
11:51 of 3rd period - Yan Stastny wins face-off versus Brandon Dubinsky in Staline zone.
12:22 of 3rd period - Slapshot by Anssi Salmela.
12:22 of 3rd period - Stopped by Tobias Stephan with a rebound.
12:24 of 3rd period - Wrist shot by T.J. Hensick.
12:24 of 3rd period - Goal by T.J. Hensick - Demolitions : 3 - Staline : 7.
12:25 of 3rd period - Brandon Dubinsky wins face-off versus Andrei Loktionov in neutral zone.
12:32 of 3rd period - Wrist shot by Brad Richardson.
12:32 of 3rd period - Stopped by Tobias Stephan with a rebound.
12:50 of 3rd period - Tyler Cuma is hit by Anthony Stewart and loses puck.
12:57 of 3rd period - Bobby Butler is hit by Pierre-Luc Létourneau and loses puck.
13:12 of 3rd period - Peter Harrold is hit by Theo Peckham and loses puck.
13:21 of 3rd period - Wrist shot by Jared Boll.
13:21 of 3rd period - Shot Blocked by Darren Helm.
13:23 of 3rd period - Slapshot by Greg Pateryn.
13:23 of 3rd period - Shot Misses the Net.
13:44 of 3rd period - Torey Krug is hit by Daniel Paille and loses puck.
14:03 of 3rd period - Wrist shot by Mason Raymond.
14:03 of 3rd period - Stopped by Chad Johnson with a rebound.
14:52 of 3rd period - Snap shot by Nick Spaling.
14:52 of 3rd period - Deflect By Jared Boll.
14:52 of 3rd period - Shot Misses the Net.
14:52 of 3rd period - Puck is out of play.
14:53 of 3rd period - Brandon Dubinsky wins face-off versus Andrei Loktionov in Demolitions zone.
15:00 of 3rd period - Slapshot by Anton Babchuk.
15:00 of 3rd period - Shot Misses the Net.
15:02 of 3rd period - Slapshot by Kyle Cumiskey.
15:02 of 3rd period - Stopped by Tobias Stephan without a rebound.
15:03 of 3rd period - Mason Raymond wins face-off versus Brandon Dubinsky in Staline zone.
15:20 of 3rd period - Slapshot by Brad Richardson.
15:20 of 3rd period - Shot Blocked by Stu Bickel.
15:34 of 3rd period - Wrist shot by Mason Raymond.
15:34 of 3rd period - Shot Misses the Net.
16:08 of 3rd period - Wrist shot by Devin Setoguchi.
16:08 of 3rd period - Stopped by Chad Johnson without a rebound.
16:09 of 3rd period - T.J. Hensick wins face-off versus Yan Stastny in Demolitions zone.
16:13 of 3rd period - Icing by Bobby Butler.
16:14 of 3rd period - Yan Stastny wins face-off versus Bobby Butler in Demolitions zone.
16:45 of 3rd period - Snap shot by Nicolas Blanchard.
16:45 of 3rd period - Shot Blocked by T.J. Fast.
16:47 of 3rd period - Wrist shot by Petr Vrana.
16:47 of 3rd period - Deflect By Spencer Machacek.
16:47 of 3rd period - Stopped by Tobias Stephan with a rebound.
17:06 of 3rd period - Minor Penalty to Nick Spaling for Roughing.
17:07 of 3rd period - Brandon Dubinsky wins face-off versus Yan Stastny in Staline zone.
17:15 of 3rd period - Snap shot by Daniel Paille.
17:15 of 3rd period - Goal by Daniel Paille - Demolitions : 4 - Staline : 7.
17:16 of 3rd period - Brandon Dubinsky wins face-off versus Andrei Loktionov in neutral zone.
17:29 of 3rd period - Snap shot by Devin Setoguchi.
17:29 of 3rd period - Shot Misses the Net.
18:07 of 3rd period - Konstantin Pushkarev is hit by Mathieu Perreault and loses puck.
18:44 of 3rd period - Snap shot by Daniel Paille.
18:44 of 3rd period - Shot Misses the Net.
19:26 of 3rd period - Slapshot by Stu Bickel.
19:26 of 3rd period - Shot Blocked by Konstantin Pushkarev.
19:28 of 3rd period - Slapshot by Stu Bickel.
19:28 of 3rd period - Shot Blocked by Peter Harrold.
Goals for this period are 3 for Demolitions vs 2 for Staline.
Shots for this period are 17 for Demolitions vs 5 for Staline.
Output by the SimonT Hockey Simulator (STHS) for François Prévost -- Original Page W3C XHTML 1.0 Valid